 Dungeon Crawl Stone Soup version 0.30-a0-728-gc68057be0a (webtiles) character file.

Game seed: 2651049695364412849

26 jimonade the Shooter (level 3, -7/27 HPs)
             Began as a Formicid Hunter on Jan 31, 2023.
             Mangled by Sigmund
             ... wielding a +2 scythe of protection
              (9 damage)
             ... on level 2 of the Dungeon.
             The game lasted 00:02:08 (934 turns).

jimonade the Shooter (Formicid Hunter)               Turns: 934, Time: 00:02:09

Health: -7/27      AC:  6    Str: 15    XL:     3   Next: 22%
Magic:  3/3        EV: 11    Int:  8    God:
Gold:   91         SH:  0    Dex: 19    Spells: 2/2 levels left

rFire   . . .      SeeInvis +    a - +0 shortbow
rCold   . . .      Faith    .    (no shield)
rNeg    . . .      Spirit   .    h - +0 ring mail
rPois   .          Reflect  .    (helmet unavailable)
rElec   .          Harm     .    (no cloak)
rCorr   .          Rampage  .    g - +0 pair of gloves
Will    .....                    (no boots)
Stlth   +                        (no amulet)
HPRegen 0.24/turn                (no ring)
MPRegen 0.08/turn                (no ring)

@: no status effects
A: permanent stasis, dig shafts and tunnels, antennae 3, four strong arms
a: Dig, Shaft Self


You were on level 2 of the Dungeon.
You visited 1 branch of the dungeon, and saw 2 of its levels.

You collected 91 gold pieces.

Inventory:

Hand Weapons
 a - a +0 shortbow (weapon)
Armour
 c - a +0 leather armour
 g - a +0 pair of gloves (worn)
 h - a +0 ring mail (worn)
Scrolls
 b - a scroll of immolation
 e - a scroll of noise {unknown}
 f - a scroll of amnesia {unknown}
Potions
 d - a potion of curing {unknown}
 i - a potion of mutation {unknown}


   Skills:
 + Level 2.1 Fighting
 * Level 4.9 Ranged Weapons
 + Level 1.7 Dodging
 - Level 1.2 Stealth


You had 2 spell levels left.
You didn't know any spells.
Your spell library was empty.

Dungeon Overview and Level Annotations

Branches:
Dungeon (2/15)

Altars:

Shops:
D:2 [

Annotations:
D:2 Sigmund


Innate Abilities, Weirdness & Mutations

You cannot be hasted, slowed, berserked, paralysed or teleported.
You can dig through walls and to a lower floor.
You have a pair of large antennae on your head. (SInv)
Your four strong arms can wield two-handed weapons with a shield.


Message History

Unknown command.
Unknown command.
Non-targeted confused fire: a) +0 shortbow
Press: ? - help, Q - select action, (/) - cycle Dir - look around, f - activate
Okay, then.
Unknown command.
Non-targeted confused fire: a) +0 shortbow
Press: ? - help, Q - select action, (/) - cycle Dir - look around, f - activate Look: Sigmund, wielding a +2 scythe of protection and wearing a +0 robe (severely wounded, slightly transparent)
You shoot an arrow.
Non-targeted confused fire: a) +0 shortbow
Press: ? - help, Q - select action, (/) - cycle Dir - look around, f - activate Look: Sigmund, wielding a +2 scythe of protection and wearing a +0 robe (severely wounded, slightly transparent)
You shoot an arrow. Sigmund hits you but does no damage.
Non-targeted confused fire: a) +0 shortbow
Press: ? - help, Q - select action, (/) - cycle Dir - look around, f - activate Look: Sigmund, wielding a +2 scythe of protection and wearing a +0 robe (severely wounded, slightly transparent)
You shoot an arrow. Sigmund closely misses you.
Non-targeted confused fire: a) +0 shortbow
Press: ? - help, Q - select action, (/) - cycle Dir - look around, f - activate Look: Sigmund, wielding a +2 scythe of protection and wearing a +0 robe (severely wounded, slightly transparent)
You shoot an arrow.
You feel less confused.
Sigmund points at you and mumbles some strange words.
The puff of flame hits you.
* * * LOW HITPOINT WARNING * * *
Fire: a) +0 shortbow
Press: ? - help, Q - select action, (/) - cycle Shift-Dir - straight line, f/p - Sigmund
Aim: Sigmund, wielding a +2 scythe of protection and wearing a +0 robe (heavily wounded, slightly transparent, 61% to hit)
You shoot an arrow. The arrow barely misses Sigmund.
Sigmund barely misses you.
Fire: a) +0 shortbow
Press: ? - help, Q - select action, (/) - cycle Shift-Dir - straight line, f/p - Sigmund
Aim: Sigmund, wielding a +2 scythe of protection and wearing a +0 robe (heavily wounded, slightly transparent, 61% to hit)
You shoot an arrow. The arrow hits Sigmund.
Sigmund is severely wounded.
Sigmund hits you from afar with a +2 scythe of protection!
You die...

# # . #. .. #####
#########.#### ## #...#
#..@.@........
#...#######.######..###.
####...'...........# .#
..##...#######.###+# .#
#.###'## #.# .. ......#
#+# #. .(##### { .....#
#.##.#


You could see Sigmund (invisible).

Vanquished Creatures
  4 ball pythons
  3 endoplasms (D:1)
  3 goblins (D:1)
  3 hobgoblins (D:1)
  A quokka (D:1)
  2 bats (D:1)
  2 frilled lizards (D:1)
  4 kobolds (D:1)
  A rat (D:1)
23 creatures vanquished.

Notes
Turn   | Place    | Note
-------+----------+-------------------------------------------
     0 | D:1      | jimonade the Formicid Hunter began the quest for the Orb.
     0 | D:1      | Reached XP level 1. HP: 16/16 MP: 1/1
    56 | D:1      | Reached XP level 2. HP: 22/22 MP: 2/2
   444 | D:1      | Found a faded altar of an unknown god.
   446 | D:1      | Reached XP level 3. HP: 27/27 MP: 3/3
   786 | D:2      | Found Soev's Armour Emporium.
   904 | D:2      | Noticed Sigmund
   934 | D:2      | Mangled by Sigmund

Illustrated notes

Levels and vault maps discovered:
D:1:      dpeg_arrival_morbid_curiosity, layout_loops_ring,
          dreamdust_ecumenical_altar_statues,
          wander_ebering_terrifying_dragon_lair
D:2:      layout_basic, serial_shops, shop, nicolae_shop_statue_plus,
          nicolae_square_shop, nicolae_shop_behind_doors,
          nicolae_shop_waterfront, uniq_sigmund

Action                     || total
---------------------------++-------
   Fire: Shortbow          ||    97
Ability: Dig               ||     1
 Armour: Leather armour    ||     3
         Ring mail         ||     2
  Dodge: Dodged            ||    27

Table legend: (Time is in decaauts)
 A = Elapsed time spent in this place.
 B = Non-inter-level travel time spent in this place.
 C = Inter-level travel time spent in this place.
 D = Time resting spent in this place.
 E = Time spent auto-exploring this place.
 F = Levels seen in this place.
 G = Mean time per level.
                   A        B        C        D        E       F      G
               +--------+--------+--------+--------+--------+-----+--------+
         Total |    964 |    942 |     22 |      0 |    730 |   2 |  482.0 |
       Dungeon |    964 |    942 |     22 |      0 |    730 |   2 |  482.0 |
               +--------+--------+--------+--------+--------+-----+--------+

Top non-repeatable levels by time:
     D:1: 767 daAuts
     D:2: 197 daAuts
